 Dungeon Crawl Stone Soup version 0.32-a0-931-g5a2cda0630 (webtiles) character file.

Game seed: 3612743182455663833

64 funkygono the Firebug (level 3, -2/19 HPs)
             Began as a Deep Elf Fire Elementalist on Apr 13, 2024.
             Slain by a gnoll
             ... wielding a +0 whip
              (5 damage)
             ... on level 2 of the Dungeon.
             The game lasted 00:01:55 (1682 turns).

funkygono the Firebug (Deep Elf Fire Elementalist)  Turns: 1682, Time: 00:01:56

Health: -2/19      AC:  2    Str:  5    XL:     3   Next: 91%
Magic:  9/10       EV: 11    Int: 21    God:
Gold:   51         SH:  0    Dex: 15    Spells: 7/10 levels left

rFire   . . .        h - +0 dagger
rCold   . . .        (no shield)
rNeg    . . .        a - +0 robe
rPois   .            (no helmet)
rElec   .            (no cloak)
rCorr   .            (no gloves)
SInv    .            (no boots)
Will    .....        (no amulet)
Stlth   ++           (no ring)
HPRegen 0.23/turn    (no ring)
MPRegen 0.12/turn

%: no passive effects
@: no status effects
A: no striking features
a: no special abilities


You were on level 2 of the Dungeon.
You visited 1 branch of the dungeon, and saw 2 of its levels.

You collected 51 gold pieces.

Inventory:

Hand Weapons
 h - a +0 dagger (weapon)
Armour
 a - a +0 robe (worn)
Jewellery
 k - an amulet of reflection
Wands
 l - a wand of mindburst (9)
Scrolls
 d - 2 scrolls of noise {unknown}
 e - 3 scrolls of teleportation {unknown}
 g - 2 scrolls of identify {unknown}
 i - a scroll of immolation {unknown}
 j - a scroll of revelation {unknown}
Potions
 b - a potion of magic
 c - a potion of brilliance {unknown}
 f - a potion of invisibility {unknown}
 m - a potion of berserk rage {unknown}
 n - a potion of enlightenment {unknown}


   Skills:
 + Level 2.6 Dodging
 + Level 2.8 Stealth
 + Level 4.0 Spellcasting
 + Level 2.0 Conjurations
 + Level 4.1 Fire Magic


You had 7 spell levels left.
You knew the following spells:

 Your Spells              Type           Power      Damage    Failure   Level
a - Foxfire               Conj/Fire      68%        2x1d7     3%          1
b - Scorch                Fire           42%        2d6       3%          2

Your spell library contained the following spells:

 Spells                   Type           Power      Damage    Failure   Level
 Inner Flame              Hex/Fire       13%        N/A       16%         3
 Volatile Blastmotes      Fire/Tloc      26%        2d12      16%         3
 Lesser Beckoning         Tloc           8%         N/A       19%         2
 Flame Wave               Conj/Fire      17%        2d7       32%         4
 Maxwell's Portable Pile  Tloc           4%         2d(5-14)  34%         3
 Teleport Other           Tloc           4%         N/A       34%         3


Dungeon Overview and Level Annotations

Branches:
Dungeon (2/15)

Altars:
Trog

Shops:
D:1 =


Message History

The gnoll hits you from afar with a +0 spear.
Casting: Foxfire (safe; 3% risk of failure)
Confirm with . or Enter, or press ? or * to list all spells.
You conjure some foxfire!
Casting: Foxfire (safe; 3% risk of failure)
Confirm with . or Enter, or press ? or * to list all spells.
You conjure some foxfire!
The foxfire hits the gnoll.
You kill the gnoll!
The foxfire hits the gnoll.
The gnoll is moderately wounded.
Your Spellcasting skill increases to level 4!
Your Conjurations skill increases to level 2!
The foxfire hits the gnoll.
The gnoll is moderately wounded.
The foxfire hits the gnoll.
The gnoll is severely wounded.
Unknown command.
Casting: Foxfire (safe; 3% risk of failure)
Confirm with . or Enter, or press ? or * to list all spells.
You miscast Foxfire.
You are very lightly contaminated with residual magic.
Nothing appears to happen.
The gnoll attacks as it pursues you! The gnoll barely misses you.
The gnoll attacks as it pursues you! The gnoll hits you with a +0 whip!
Your magical contamination has completely faded away.
The gnoll attacks as it pursues you! The gnoll hits you with a +0 whip.
The gnoll hits you with a +0 whip.
* * * LOW HITPOINT WARNING * * *
The gnoll attacks as it pursues you! The gnoll misses you.
Casting: Foxfire (safe; 3% risk of failure)
Confirm with . or Enter, or press ? or * to list all spells.
You don't have enough magic to cast this spell.
Unknown command.
Magic courses through your body.
Casting: Foxfire (safe; 3% risk of failure)
Confirm with . or Enter, or press ? or * to list all spells.
Flames lash the gnoll.
The gnoll is almost dead.
The gnoll's fire resistance burns away.
The gnoll hits you with a +0 whip.
You die...

#.#######.# #.......# #.#
#.# #.#####.#####
##.##### #.# #.#
###.#.... #......# #.#
#.# #........ ###..###.#
#.# ######.###.#.#....
.....# #.# #.#
#..........#......
####.###.###.#
#.####............
.............# #g#
########.....
.........##### #@# ##....
.........# #.# #.###
.........# #.###### #.#
.........# #......# #+#
........## ######.#
........# ###.# ........#
##.#.#
........##########....###
........................+


You could see a gnoll (combustible).

Vanquished Creatures
  3 gnolls (D:2)
  2 dart slugs (D:1)
  4 endoplasms
  A giant cockroach (D:1)
  3 hobgoblins
  3 jackals (D:1)
  4 quokkas
  2 ball pythons (D:1)
  A frilled lizard (D:1)
  3 kobolds (D:1)
  2 rats (D:2)
28 creatures vanquished.

Vanquished Creatures (others)
  93 foxfires
93 creatures vanquished.

Grand Total: 121 creatures vanquished

Notes
Turn   | Place    | Note
-------+----------+-------------------------------------------
     0 | D:1      | funkygono the Deep Elf Fire Elementalist began the quest
                  | for the Orb.
     0 | D:1      | Reached XP level 1. HP: 10/10 MP: 6/6
   319 | D:1      | Reached XP level 2. HP: 15/15 MP: 2/8
   392 | D:1      | Learned a level 2 spell: Scorch
   679 | D:1      | Found Qag Toaca's Jewellery Shoppe.
  1165 | D:2      | Found a bloodstained altar of Trog.
  1266 | D:2      | Reached XP level 3. HP: 19/19 MP: 6/10
  1682 | D:2      | Slain by a gnoll

Illustrated notes

Levels and vault maps discovered:
D:1:      lightli_arrival_quake, layout_basic, serial_curves, eino_curves_02,
          eino_curves_02, eino_curves_03, serial_shops, shop
D:2:      layout_loops_corners, basic_altar

Skill      XL: |  1  2  3 |
---------------+----------+-----
Fire Magic     | 4 |  4.1
Spellcasting   | 4 |  4.0
Conjurations   | 2 |  2.0
Dodging        | |  2.6
Stealth        | |  2.8

Action                     || total
---------------------------++-------
  Melee: Dagger            ||     1
         Unarmed           ||     1
   Cast: Foxfire           ||    56
         Scorch            ||    10
    Use: Potion            ||     1
 Armour: Robe              ||     8
  Dodge: Dodged            ||     8

Table legend: (Time is in decaauts)
 A = Elapsed time spent in this place.
 B = Non-inter-level travel time spent in this place.
 C = Inter-level travel time spent in this place.
 D = Time resting spent in this place.
 E = Time spent auto-exploring this place.
 F = Levels seen in this place.
 G = Mean time per level.
                   A        B        C        D        E       F      G
               +--------+--------+--------+--------+--------+-----+--------+
         Total |   1681 |   1648 |     33 |      0 |   1451 |   2 |  840.5 |
       Dungeon |   1681 |   1648 |     33 |      0 |   1451 |   2 |  840.5 |
               +--------+--------+--------+--------+--------+-----+--------+

Top non-repeatable levels by time:
     D:1: 1089 daAuts
     D:2: 591 daAuts
